 Dungeon Crawl Stone Soup version 0.26-a0-830-g2a559e7be2 (webtiles) character file.

Game seed: 8083576755298270215

76 Peloso the Shield-Bearer (level 4, -1/40 HPs)
             Began as a Minotaur Fighter on Nov 15, 2020.
             Slain by Natasha (4 damage)
             ... on level 2 of the Dungeon.
             The game lasted 00:03:12 (1241 turns).

Peloso the Shield-Bearer (Minotaur Fighter)         Turns: 1241, Time: 00:03:12

Health: -1/40      AC: 10    Str: 21    XL:     4   Next: 12%
Magic:  3/3        EV:  5    Int:  5    God:
Gold:   61         SH:  9    Dex: 10    Spells: 3/3 levels left

rFire    . . .     SeeInvis .   a - +0 long sword
rCold    . . .     Faith    .   c - +0 kite shield
rNeg     . . .     Spirit   .   k - +0 chain mail
rPois    .         Reflect  .   (helmet restricted)
rElec    .         Harm     .   (no cloak)
rCorr    .         Rampage  .   (no gloves)
MR       .....                  g - +0 pair of boots
Stlth    ..........             (no amulet)
HPRegen  0.13/turn              (no ring)
MPRegen  0.08/turn              (no ring)

@: brilliant, slowed, very slow
A: retaliatory headbutt, horns 2
a: no special abilities


You were on level 2 of the Dungeon.
You visited 1 branch of the dungeon, and saw 2 of its levels.

You collected 61 gold pieces.

Inventory:

Hand Weapons
 a - a +0 long sword (weapon)
Armour
 b - a +0 scale mail
 c - a +0 kite shield (worn)
 g - a +0 pair of boots (worn)
 k - a +0 chain mail (worn)
Scrolls
 f - a scroll of remove curse {unknown}
 h - a scroll of identify {unknown}
 j - a scroll of enchant weapon {unknown}
Potions
 d - a potion of might


   Skills:
 + Level 4.0 Fighting
 + Level 3.0 Long Blades
 + Level 4.3 Armour
 + Level 0.4 Dodging
 + Level 4.9 Shields


You had 3 spell levels left.
You didn't know any spells.
Your spell library was empty.

Dungeon Overview and Level Annotations

Branches:
Dungeon (2/15)

Altars:

Annotations:
D:2 Natasha


Innate Abilities, Weirdness & Mutations

You reflexively headbutt those who attack you in melee.
You have a pair of horns on your head.


Message History

Natasha claws you. The white imp barely misses you.
You barely miss Natasha. Your headbutt misses Natasha.
The crimson imp hits you. You block Natasha's attack.
The white imp gestures at you. The puff of frost hits you.
The crimson imp hits you but does no damage.
Natasha claws you.
* * * LOW HITPOINT WARNING * * *
It was a potion of brilliance.
You feel clever all of a sudden. The white imp gestures at you.
The puff of frost hits you!
* * * LOW HITPOINT WARNING * * *
The crimson imp blinks!
Natasha claws you but does no damage.
The white imp shouts, "Repent, thou dissembling folly-fallen pustule!"
You block the white imp's attack.
You hit Natasha. You headbutt Natasha!
Natasha is almost dead.
Natasha claws you.
You die...

.. #### .. .### ...##
##..##.!.. ....####
#......... [......# ..#
#.#.#.....
.....#.#...####.#....##
....†...........h§....# .#
...#.##.........@5....#.!.
...#......#.5...........>.
(............>............
...................####..
..###.......####..=####..
#.............##.......$..
#.....#...................
...........##..#.#####.##.
###.....#..###.).......#


You could see Natasha, a crimson imp (summoned) and a white imp (summoned).

Vanquished Creatures
  Natasha (D:2)
  A gnoll (D:1)
  An adder (D:2)
  A worm (D:2)
  A dart slug (D:2)
  2 ball pythons (D:1)
  2 giant cockroaches
  2 hobgoblins
  4 kobolds
  A quokka (D:2)
  2 bats
  2 frilled lizards (D:1)
  6 goblins
  6 rats
32 creatures vanquished.

Notes
Turn   | Place    | Note
-------+----------+-------------------------------------------
     0 | D:1      | Peloso the Minotaur Fighter began the quest for the Orb.
     0 | D:1      | Reached XP level 1. HP: 19/19 MP: 0/0
   301 | D:1      | Reached XP level 2. HP: 26/27 MP: 1/1
   982 | D:2      | Noticed Natasha
   988 | D:2      | Killed Natasha
   989 | D:2      | Reached XP level 3. HP: 26/33 MP: 2/2
  1141 | D:2      | Reached XP level 4. HP: 38/40 MP: 3/3
  1232 | D:2      | Noticed Natasha
  1240 | D:2      | HP: 2/40 [white imp/puff of frost[Natasha] (10)]
  1241 | D:2      | Slain by Natasha

Illustrated notes

Levels and vault maps discovered:
D:1:      wander_arrival_peaceful_grave, layout_basic
D:2:      layout_rooms, chequers_ecumenical_altar_simple_redux, uniq_natasha

Skill      XL: |  1  2  3  4 |
---------------+-------------+-----
Shields        | 4 |  4.9
Armour         | 4 |  4.3
Fighting       | 4 |  4.0
Long Blades    | 3 |  3.0
Dodging        | |  0.4

Action                   |  1- 3 |  4- 6 || total
-------------------------+-------+-------++-------
Melee: Long sword        |    61 |    12 ||    73
       Headbutt          |     8 |     2 ||    10
  Use: Potion            |     3 |     1 ||     4
Armor: Scale mail        |    27 |       ||    27
       Chain mail        |    22 |    13 ||    35
Dodge: Dodged            |    26 |     7 ||    33
Block: Kite shield       |    42 |    19 ||    61
       Rpst.: Long sword |     2 |     2 ||     4

Table legend: (Time is in decaauts)
 A = Elapsed time spent in this place.
 B = Non-inter-level travel time spent in this place.
 C = Inter-level travel time spent in this place.
 D = Time resting spent in this place.
 E = Time spent auto-exploring this place.
 F = Levels seen in this place.
 G = Mean time per level.
                   A        B        C        D        E       F      G
               +--------+--------+--------+--------+--------+-----+--------+
         Total |   1269 |   1256 |     13 |      0 |    938 |   2 |  634.5 |
       Dungeon |   1269 |   1256 |     13 |      0 |    938 |   2 |  634.5 |
               +--------+--------+--------+--------+--------+-----+--------+

Top non-repeatable levels by time:
     D:1: 984 daAuts
     D:2: 284 daAuts
